Map: New Repugnancy LE

Players

ShoWTimE

  • Race: Protoss Protoss
  • League: Grandmaster
  • Spawn Location: 7:00

lIlIlIlIIlIl (Dear) - Winner!

  • Race: Protoss Protoss
  • League: Master
  • Spawn Location: 1:00

Event: 2019 Assembly Summer

VOD

Have the link to the VOD?

Description

Time

  • Played on: Aug. 2, 2019, 6:40 a.m.
  • Length: 11:56

All games in this series

Show
View Real Time Build Order
Export as new Build Order

ShoWTimE Protoss 

Build Orders: Phoenix Opening, Zealot Archon 

Get SALT Encoding   

  12  0:00  Probe  
  13  0:12  Probe  
  14  0:17  Pylon  
  14  0:24  Probe  
  15  0:32  Probe  
  15  0:37  Gateway  
  15  0:40  Probe  
  16  0:46  Assimilator  
  17  0:51  Probe  
  17  0:54  Assimilator  
  18  0:59  Probe  
  19  1:07  Probe  
  19  1:12  Gateway  
  19  1:17  Probe  
  20  1:24  Cybernetics Core  
  21  1:29  Probe  
  22  1:35  Pylon  
  22  1:41  Probe  
  23  1:53  Probe  
  24  2:01  Warp Gate, Sentry, Stalker  
  28  2:15  Pylon  
  28  2:34  Sentry, Phoenix  
  29  2:38  Sentry  
  31  2:44  Nexus  
  31  2:45  Probe  
  32  2:57  Probe  
  33  3:04  Stalker  
  35  3:09  Probe  
  35  3:10  Pylon  
  36  3:18  Phoenix  
  36  3:19  Forge  
  36  3:20  Probe  
  37  3:29  Probe  
  38  3:37  Probe  
  39  3:47  Probe  
  39  3:49  Stalker  
  39  3:50  Stalker  
  39  3:52  Probe  
  39  3:55  Probe  
  44  3:56  Protoss Ground Weapons Level 1  
  44  4:00  Probe  
  46  4:03  Probe  
  48  4:10  Probe  
  48  4:14  Probe, Stalker  
  52  4:21  Stalker  
  52  4:22  Probe  
  55  4:26  Probe  
  55  4:29  Shield Battery  
  56  4:34  Probe  
  56  4:35  Pylon  
  57  4:38  Probe  
  57  4:39  Stalker  
  58  4:47  Probe  
  58  4:50  Probe  
  58  4:51  Twilight Council  
  60  4:52  Assimilator  
  60  4:58  Shield Battery, Assimilator  
  60  4:59  Probe  
  61  5:02  Probe  
  58  5:08  Sentry x2  
  58  5:11  Probe  
  59  5:15  Probe  
  59  5:19  Phoenix  
  59  5:23  Probe  
  59  5:27  Probe, Robotics Facility  
  61  5:35  Probe  
  62  5:37  Gateway  
  62  5:39  Gateway  
  62  5:41  Pylon  
  62  5:42  Charge, Templar Archives  
  62  5:49  Adept x2  
  66  5:51  Protoss Ground Weapons Level 2  
  64  6:04  Warp Prism  
  64  6:10  Gateway  
  64  6:11  Gateway  
  66  6:22  Gateway  
  66  6:25  Gateway  
  66  6:27  Pylon  
  66  6:34  Probe  
  67  6:41  Observer  
  67  6:44  Pylon  
  68  6:53  Nexus  
  66  6:56  Zealot  
  68  7:05  High Templar x4  
  76  7:08  Pylon  
  76  7:09  Archon  
  76  7:10  Archon  
  76  7:11  Zealot  
  76  7:18  Zealot x2  
  80  7:23  Pylon  
  80  7:24  High Templar  
  82  7:30  Pylon  
  80  7:45  High Templar, Zealot x5, Pylon  
  92  7:55  Zealot, Archon  
  92  7:57  Protoss Shields Level 1  
  94  7:58  Shield Battery x2  
  94  8:01  Probe x2  
  94  8:02  Zealot  
  98  8:12  High Templar x2  
  102  8:16  Archon  
  102  8:18  Zealot x2  
  106  8:22  Probe  
  106  8:23  Probe x2  
  109  8:32  Zealot x2  
  113  8:41  Pylon  
  113  8:53  High Templar x2, Zealot x4  
  125  8:57  Archon  
  125  9:00  Pylon  
  125  9:02  Pylon  
  125  9:12  Zealot x2  
  125  9:16  High Templar  
  125  9:17  High Templar, Zealot  
  131  9:21  Archon  
  131  9:24  Zealot  
  135  9:30  Pylon  
  135  9:35  Zealot x4  
  143  9:41  Pylon  
  143  9:44  Zealot x2  
  147  9:50  Zealot x2  
  149  9:58  Zealot x4  
  138  10:08  High Templar x2  
  138  10:12  Archon  
  141  10:15  High Templar x2  
  141  10:19  Archon  
  141  10:21  Pylon  
  145  10:22  Zealot  
  145  10:23  Zealot x2  
  151  10:30  Pylon  
  150  10:40  Zealot, Observer  
  153  10:43  Zealot x5  
  163  10:53  Zealot x2  
  167  11:02  Zealot  
  159  11:08  Zealot x5  
  163  11:22  High Templar x2  
  159  11:26  Archon  
  153  11:33  Zealot x4  
  129  11:43  Zealot  
  129  11:44  Zealot  
  62  11:54  Zealot x5  
Show
View Real Time Build Order
Export as new Build Order

lIlIlIlIIlIl Protoss - Winner!

Build Orders: Oracle Opening, Phoenix Opening, Zealot Archon 

Get SALT Encoding   

  12  0:00  Probe  
  13  0:12  Probe  
  14  0:18  Pylon  
  14  0:24  Probe  
  15  0:32  Probe  
  15  0:38  Gateway  
  15  0:40  Probe  
  16  0:47  Assimilator  
  17  0:51  Probe  
  17  0:55  Assimilator  
  18  0:59  Probe  
  19  1:07  Probe  
  19  1:08  Gateway  
  19  1:17  Probe  
  20  1:25  Cybernetics Core  
  21  1:29  Probe  
  22  1:34  Pylon  
  22  1:41  Probe  
  23  1:53  Probe  
  24  2:02  Warp Gate, Sentry, Stalker  
  28  2:11  Pylon  
  28  2:37  Stargate, Stalker  
  28  2:39  Phoenix  
  30  2:48  Nexus  
  30  2:55  Shield Battery  
  30  3:03  Stalker  
  32  3:05  Probe  
  32  3:10  Oracle  
  33  3:18  Probe, Pylon  
  37  3:30  Probe  
  38  3:39  Oracle  
  38  3:42  Probe  
  42  3:54  Probe  
  43  3:55  Adept, Pylon  
  43  3:56  Adept  
  43  3:58  Probe  
  48  4:06  Probe x2  
  49  4:15  Probe  
  50  4:17  Robotics Facility  
  50  4:18  Probe  
  52  4:26  Adept x2  
  52  4:27  Probe  
  58  4:31  Probe  
  58  4:35  Probe  
  58  4:38  Pylon  
  58  4:43  Probe x2  
  60  4:51  Assimilator  
  61  4:54  Assimilator  
  61  4:55  Probe x2  
  63  5:00  Forge  
  63  5:01  Immortal  
  59  5:07  Probe  
  59  5:08  Probe  
  61  5:17  Pylon  
  61  5:19  Probe  
  61  5:20  Probe  
  63  5:24  Sentry  
  65  5:29  Gateway  
  65  5:30  Gateway  
  65  5:31  Probe  
  65  5:32  Immortal  
  66  5:39  Protoss Ground Weapons Level 1  
  70  5:50  Twilight Council  
  67  5:59  Warp Prism  
  67  6:09  Gateway  
  67  6:10  Gateway  
  67  6:14  Gateway  
  67  6:17  Gateway  
  69  6:29  Observer  
  69  6:30  Charge  
  69  6:31  Nexus  
  69  6:36  Shield Battery  
  70  6:44  Zealot x2  
  70  6:46  Templar Archives  
  74  6:55  Zealot x2  
  74  6:57  Immortal  
  82  7:02  Pylon  
  82  7:13  Protoss Ground Weapons Level 2  
  82  7:18  Pylon  
  82  7:20  Probe x2  
  84  7:23  Pylon  
  84  7:24  High Templar x4  
  84  7:28  Archon  
  84  7:29  Zealot, Archon  
  94  7:37  Phoenix  
  93  7:54  Probe x2  
  93  8:05  Zealot x6  
  105  8:17  High Templar x2  
  109  8:21  Archon  
  109  8:23  Pylon  
  109  8:30  Zealot x6  
  121  8:39  Pylon  
  121  8:40  Pylon  
  121  8:52  High Templar  
  121  8:53  High Templar, Zealot x4  
  131  8:57  Archon  
  131  8:58  Zealot x2  
  135  9:04  Pylon  
  135  9:18  High Templar x2, Zealot x3  
  135  9:23  Archon  
  145  9:27  Zealot x3  
  151  9:41  Zealot x3  
  151  9:44  Pylon  
  149  9:54  High Templar x2, Zealot x2  
  149  9:59  Archon  
  147  10:02  Warp Prism  
  147  10:04  Zealot x4  
  146  10:19  High Templar x2  
  150  10:24  Archon  
  150  10:27  Zealot x4  
  158  10:36  Zealot x2  
  162  10:44  Pylon x2  
  162  11:05  High Templar x3  
  162  11:06  High Templar, Zealot x4  
  162  11:10  Archon  
  162  11:11  Archon  
  167  11:24  Zealot x4  
  125  11:44  Zealot x6  
  103  11:47  Zealot x2  
Tags
 
Add a new tag
Caveats
  • Supply blocks, unpowered buildings, or Contaminate may cause inaccurate times.
  • Supply counts are checked every 10 seconds.